Map: Dusk Towers

Players

Nahum - Winner!

  • Race: Terran Terran
  • League: Silver
  • Spawn Location: 1:00

Fropez

  • Race: Protoss Protoss
  • League: Silver
  • Spawn Location: 7:00

VOD

Have the link to the VOD?

Description

Time

  • Played on: May 17, 2016, 10:40 p.m.
  • Length: 14:21
Show
View Real Time Build Order
Export as new Build Order

Nahum Terran - Winner!

Build Orders: Command Center First (CC), MMM Bio 

Get SALT Encoding   

  12  0:01  SCV  
  13  0:13  SCV  
  14  0:25  SCV  
  14  0:26  Supply Depot  
  15  0:48  SCV  
  16  1:04  SCV  
  17  1:07  Command Center  
  17  1:18  SCV  
  18  1:19  Barracks  
  18  1:30  SCV  
  19  1:42  SCV  
  19  1:43  Barracks  
  20  2:07  SCV  
  21  2:11  Barracks  
  21  2:17  Barracks  
  21  2:19  SCV, Barracks  
  22  2:26  Orbital Command  
  22  2:36  Orbital Command  
  22  2:47  Marine x2  
  22  2:51  Refinery  
  24  2:54  Refinery  
  24  3:03  SCV  
  24  3:04  SCV  
  26  3:08  Marine  
  26  3:09  Marine  
  28  3:14  Marine  
  28  3:15  Marine  
  28  3:16  SCV x2  
  32  3:20  Marine  
  32  3:26  Marine x2  
  35  3:28  SCV  
  35  3:32  Marine x2  
  37  3:45  Marine  
  38  3:57  Factory  
  38  3:59  Marine x3  
  38  4:00  SCV x2  
  38  4:01  Supply Depot  
  43  4:03  Supply Depot  
  43  4:12  SCV x2  
  45  4:19  Barracks Tech Lab  
  45  4:22  Barracks Reactor  
  45  4:25  Barracks Tech Lab  
  45  4:27  SCV x2  
  47  4:31  Barracks Reactor  
  47  4:35  Engineering Bay  
  47  4:39  SCV  
  47  4:58  Marine  
  46  5:12  Marine  
  47  5:14  Marine  
  47  5:15  Marine  
  47  5:16  Stimpack, Combat Shields  
  47  5:20  Factory Reactor, Barracks Reactor  
  48  5:23  SCV x2  
  48  5:25  Command Center  
  48  5:27  Refinery  
  48  5:28  Refinery  
  50  5:29  Marine x2  
  50  5:35  SCV x2  
  53  5:37  Marine x3  
  53  5:40  Marine  
  57  5:45  Terran Infantry Weapons Level 1  
  57  5:47  Marine x2, SCV x2  
  61  5:55  Marine x3  
  64  5:57  Marine  
  64  5:59  SCV x2  
  64  6:02  Factory  
  67  6:32  Widow Mine  
  67  6:36  Widow Mine  
  67  6:38  Marine x4  
  75  6:45  Engineering Bay  
  73  7:01  Widow Mine  
  73  7:02  Marine x4  
  73  7:03  Marine  
  73  7:04  Widow Mine  
  80  7:17  Marine x2  
  80  7:18  Marine  
  82  7:24  Marine x2  
  82  7:25  Marine  
  82  7:27  Factory Tech Lab  
  85  7:31  Armory  
  85  7:42  Marine x4, Widow Mine x2  
  87  8:09  Marine x8  
  88  8:15  Widow Mine x2  
  90  8:23  Supply Depot  
  90  8:24  Missile Turret  
  90  8:26  Marine x2  
  90  8:27  Marine  
  92  8:33  Marine  
  93  8:37  Marine  
  93  8:38  Marine  
  93  8:40  Marine  
  93  8:43  Marine  
  93  8:44  Widow Mine x2  
  93  8:45  Marine x3  
  99  8:51  Marine  
  99  8:54  Marine  
  101  9:02  Marine  
  101  9:03  Marine  
  101  9:04  Marine x2  
  101  9:09  Marine x3  
  97  9:12  Marine  
  99  9:18  Widow Mine  
  101  9:26  Widow Mine  
  101  9:27  Marine x4, SCV x2  
  101  9:28  Supply Depot  
  101  9:31  Orbital Command, Supply Depot  
  109  9:39  Terran Infantry Armor Level 1, Terran Infantry Weapons Level 2  
  109  9:43  Missile Turret  
  109  9:49  Marine x2  
  109  9:50  SCV x2  
  113  9:54  Supply Depot  
  113  9:55  Supply Depot  
  113  9:56  Supply Depot x2  
  113  10:02  Missile Turret  
  110  10:19  Supply Depot  
  70  10:46  Marine x7  
  70  10:47  Marine  
  70  10:57  Widow Mine x2  
  70  11:03  Marine  
  70  11:04  Marine x7  
  72  11:06  Factory  
  72  11:08  SCV x2  
  72  11:09  Factory  
  76  11:20  SCV  
  76  11:21  Marine x2, SCV  
  76  11:22  Marine x6  
  76  11:25  Factory Reactor  
  86  11:26  Widow Mine x2  
  90  11:32  SCV  
  90  11:33  SCV  
  90  11:39  Marine x4  
  92  11:40  Marine x2, Marauder  
  92  11:41  Marauder  
  100  11:53  Starport x2  
  98  11:54  Widow Mine  
  98  11:57  Marine x2  
  98  11:59  Terran Infantry Armor Level 2  
  98  12:00  SCV  
  98  12:01  SCV x2  
  105  12:03  Marine  
  105  12:04  Marauder x2  
  110  12:13  SCV  
  111  12:16  Factory Reactor, Barracks x2  
  111  12:17  Factory Reactor  
  111  12:20  Widow Mine x3  
  117  12:26  Marine x4, Marauder x2  
  119  12:47  Marauder x2  
  105  13:21  Marine x3  
  105  13:22  Marine x5  
  113  13:39  Marine x4  
  113  13:40  Marine x4  
  121  13:45  Widow Mine x7  
  135  13:57  Marine x3  
Show
View Real Time Build Order
Export as new Build Order

Fropez Protoss 

Build Orders: Blink Stalkers 

Get SALT Encoding   

  12  0:11  Pylon  
  12  0:16  Probe (Chrono Boost)  
  13  0:27  Probe (Chrono Boost)  
  14  0:32  Gateway  
  14  0:46  Gateway  
  14  0:50  Probe (Chrono Boost)  
  15  1:01  Probe (Chrono Boost)  
  16  1:11  Probe (Chrono Boost), Assimilator  
  16  1:17  Pylon  
  17  1:22  Probe (Chrono Boost)  
  18  1:28  Pylon  
  17  1:33  Probe (Chrono Boost)  
  18  1:43  Probe (Chrono Boost), Cybernetics Core  
  19  1:47  Assimilator  
  20  1:54  Probe (Chrono Boost)  
  20  2:05  Probe (Chrono Boost)  
  21  2:15  Probe (Chrono Boost)  
  22  2:21  Twilight Council  
  22  2:26  Probe (Chrono Boost), Stalker  
  25  2:33  Stalker  
  25  2:36  Probe (Chrono Boost)  
  28  2:47  Probe  
  29  2:59  Probe  
  29  3:02  Blink (Chrono Boost)  
  30  3:10  Warp Gate  
  30  3:13  Probe  
  31  3:23  Nexus  
  31  3:31  Pylon  
  31  3:49  Probe  
  31  3:50  Stalker x2  
  36  3:58  Pylon  
  36  4:01  Probe  
  37  4:13  Forge, Probe  
  38  4:26  Probe, Stalker  
  38  4:28  Stalker  
  43  4:36  Probe  
  43  4:38  Probe  
  43  4:47  Probe  
  43  4:50  Probe  
  43  5:01  Probe  
  43  5:03  Probe  
  43  5:30  Probe  
  43  5:31  Probe  
  45  5:39  Protoss Ground Weapons Level 1 (Chrono Boost)  
  45  5:43  Gateway  
  45  5:47  Gateway  
  45  5:51  Gateway  
  45  5:52  Pylon  
  45  5:53  Pylon  
  45  6:01  Pylon x2  
  45  6:05  Pylon, Probe  
  45  6:06  Pylon  
  45  6:07  Probe  
  45  6:08  Robotics Facility  
  45  6:10  Robotics Facility  
  47  6:21  Assimilator  
  47  6:23  Stalker x2  
  47  6:25  Assimilator  
  51  6:44  Stalker x2  
  55  6:47  Stalker x2  
  53  7:21  Stalker  
  53  7:22  Probe, Stalker x4  
  61  7:23  Probe  
  61  7:29  Warp Prism (Chrono Boost)  
  67  7:31  Immortal (Chrono Boost), Protoss Ground Weapons Level 2 (Chrono Boost)  
  67  7:35  Probe  
  67  7:36  Probe  
  69  7:46  Probe  
  69  7:48  Probe  
  67  7:55  Mothership Core  
  63  8:06  Stalker x4  
  63  8:07  Stalker  
  63  8:10  Warp Prism (Chrono Boost)  
  71  8:51  Stalker x5  
  75  9:17  Immortal x2 (Chrono Boost)  
  75  9:21  Probe  
  75  9:22  Probe  
  81  9:24  Stalker x2  
  81  9:31  Pylon  
  85  9:35  Pylon  
  85  9:40  Pylon  
  85  9:41  Pylon  
  85  9:44  Protoss Ground Weapons Level 3  
  85  9:54  Probe  
  85  9:55  Probe  
  87  10:06  Observer (Chrono Boost)  
  88  10:15  Stalker x3  
  68  10:51  Stalker x3  
  68  10:54  Immortal x2 (Chrono Boost)  
  81  11:18  Gateway  
  81  11:19  Gateway  
  81  11:20  Pylon  
  81  11:21  Gateway  
  81  11:22  Pylon  
  81  11:30  Probe  
  81  11:31  Probe  
  83  12:05  Probe x2  
  85  12:21  Nexus  
  85  12:25  Assimilator  
  85  12:28  Zealot x3  
  85  12:29  Assimilator  
  91  12:32  Pylon  
  91  12:33  Pylon  
  81  12:37  Pylon  
  81  12:40  Pylon  
  77  12:58  Immortal (Chrono Boost)  
  75  13:00  Immortal (Chrono Boost)  
  75  13:26  Stalker x4  
  75  13:27  Stalker x2  
  70  14:13  Zealot x2  
  70  14:14  Zealot x4  
Tags
 
Add a new tag
Caveats
  • Supply blocks, unpowered buildings, or Contaminate may cause inaccurate times.
  • Supply counts are checked every 10 seconds.